 Dungeon Crawl Stone Soup version 0.30.0-29-ga12c61a403 (webtiles) character file.

Game seed: 15664626366719184207

63 cdecastro the Shooter (level 4, -8/38 HPs)
             Began as a Gnoll Wanderer on June 23, 2023.
             Mangled by Terence
             ... wielding a +0 flail
              (9 damage)
             ... on level 2 of the Dungeon.
             The game lasted 00:01:29 (845 turns).

cdecastro the Shooter (Gnoll Wanderer)               Turns: 845, Time: 00:01:30

Health: -8/38      AC:  6    Str: 10    XL:     4   Next: 10%
Magic:  5/5        EV: 11    Int: 13    God:
Gold:   62         SH:  0    Dex: 13    Spells: 5/5 levels left

rFire   . . .        a - +2 sling
rCold   . . .        (no shield)
rNeg    . . .        c - +0 ring mail
rPois   .            (no helmet)
rElec   .            (no cloak)
rCorr   .            (no gloves)
SInv    .            (no boots)
Will    .....        (no amulet)
Stlth   +            (no ring)
HPRegen 0.26/turn    (no ring)
MPRegen 0.09/turn

%: no passive effects
@: no status effects
A: fangs 1, strong nose, distributed training
a: no special abilities


You were on level 2 of the Dungeon.
You visited 1 branch of the dungeon, and saw 2 of its levels.

You collected 62 gold pieces.

Inventory:

Hand Weapons
 a - a +2 sling (weapon)
 b - a +0 mace
Armour
 c - a +0 ring mail (worn)
 n - a +0 leather armour
Jewellery
 j - an amulet of guardian spirit
 m - a ring of protection from fire
Scrolls
 d - a scroll of fear
 e - 2 scrolls of fog {unknown}
 h - a scroll of identify {unknown}
 l - 4 scrolls of teleportation {unknown}
Potions
 f - a potion of flight {unknown}
 g - a potion of magic {unknown}
 i - a potion of degeneration {unknown}
 k - 2 potions of heal wounds {unknown}
 o - a potion of berserk rage {unknown}
 p - a potion of curing {unknown}


   Skills:
 + Level 4.6 Fighting
 + Level 1.1 Short Blades
 + Level 1.1 Long Blades
 + Level 1.1 Axes
 + Level 2.7 Maces & Flails
 + Level 1.1 Polearms
 + Level 1.1 Staves
 + Level 6.6 Ranged Weapons
 + Level 2.7 Throwing
 + Level 4.6 Armour
 + Level 2.7 Dodging
 + Level 1.1 Stealth
 + Level 1.1 Shields
 + Level 1.1 Unarmed Combat
 + Level 1.1 Spellcasting
 + Level 0.8 Conjurations
 + Level 0.8 Hexes
 + Level 0.8 Summonings
 + Level 0.8 Necromancy
 + Level 0.8 Translocations
 + Level 0.8 Transmutations
 + Level 0.8 Fire Magic
 + Level 0.8 Ice Magic
 + Level 0.8 Air Magic
 + Level 0.8 Earth Magic
 + Level 0.8 Poison Magic
 + Level 1.2 Invocations
 + Level 1.1 Evocations


You had 5 spell levels left.
You didn't know any spells.
Your spell library was empty.

Dungeon Overview and Level Annotations

Branches:
Dungeon (2/15)

Altars:

Annotations:
D:2 Terence


Innate Abilities, Weirdness & Mutations

You have very sharp teeth.
Your uncanny sense of smell can sniff out nearby items.
Your experience applies equally to all skills.


Message History

Terence is almost dead.
Terence closely misses you.
You shoot a sling bullet.
The sling bullet hits Terence but does no damage.
Terence is almost dead.
Terence hits you with a +0 flail.
* * * LOW HITPOINT WARNING * * *
You shoot a sling bullet.
The sling bullet hits Terence but does no damage.
Terence is almost dead.
Terence shouts, "Now you die!" Terence barely misses you.
Unknown command.
You shoot a sling bullet.
The sling bullet hits Terence but does no damage.
Terence is almost dead.
Terence hits you with a +0 flail.
* * * LOW HITPOINT WARNING * * *
Terence barely misses you.
Unknown command.
You shoot a sling bullet.
The sling bullet hits Terence but does no damage.
Terence is almost dead.
Terence barely misses you.
Unknown command.
You shoot a sling bullet.
The sling bullet hits Terence but does no damage.
Terence is almost dead.
Terence misses you.
Unknown command.
You shoot a sling bullet.
The sling bullet closely misses Terence.
Terence misses you.
Unknown command.
You shoot a sling bullet. The sling bullet hits Terence.
Terence is almost dead.
Terence hits you with a +0 flail!
* * * LOW HITPOINT WARNING * * *
Terence hits you with a +0 flail!
You die...

##########
.........# .
########.# .. ##.##
... ∆
####...#####....
#....#..........
#.##.##..........⌠.
#..@@.##.##........
####.###†##.###....
###########.####
... #...........# .
#.########### #.#
#.# #.# ###.###


You could see Terence.

Vanquished Creatures
  Jessica (D:2)
  A gnoll (D:1)
  2 worms (D:2)
  A dart slug (D:1)
  2 ball pythons (D:1)
  3 endoplasms
  A giant cockroach (D:1)
  A goblin (D:2)
  A hobgoblin (D:2)
  2 kobolds (D:1)
  A quokka (D:1)
  2 bats
  2 frilled lizards (D:1)
20 creatures vanquished.

Notes
Turn   | Place    | Note
-------+----------+-------------------------------------------
     0 | D:1      | cdecastro the Gnoll Wanderer began the quest for the Orb.
     0 | D:1      | cdecastro set off with the following items: a +2 sling, a
                  | +0 mace, a +0 ring mail, a scroll of fear.
     0 | D:1      | Reached XP level 1. HP: 20/20 MP: 1/1
   139 | D:1      | Reached XP level 2. HP: 26/26 MP: 2/2
   345 | D:1      | Reached XP level 3. HP: 31/31 MP: 3/3
   604 | D:2      | Noticed Jessica
   616 | D:2      | Killed Jessica
   617 | D:2      | Reached skill level 1 in Short Blades
   617 | D:2      | Reached skill level 1 in Long Blades
   617 | D:2      | Reached skill level 1 in Axes
   617 | D:2      | Reached skill level 1 in Polearms
   617 | D:2      | Reached skill level 1 in Staves
   617 | D:2      | Reached skill level 1 in Stealth
   617 | D:2      | Reached skill level 1 in Shields
   617 | D:2      | Reached skill level 1 in Unarmed Combat
   617 | D:2      | Reached skill level 1 in Spellcasting
   617 | D:2      | Reached skill level 1 in Invocations
   617 | D:2      | Reached skill level 1 in Evocations
   617 | D:2      | Reached XP level 4. HP: 29/38 MP: 5/5
   829 | D:2      | Noticed Terence
   845 | D:2      | HP: 1/38 [Terence/+0 flail (8)]
   845 | D:2      | Mangled by Terence

Illustrated notes

Levels and vault maps discovered:
D:1:      lemuel_arrival_tunnels, layout_basic, nrook_loot_triangle
D:2:      layout_loops_ring, chequers_serial_rivers_small_3, grunt_ministairs_6,
          uniq_jessica, uniq_terence

Skill      XL: |  1  2  3 |
---------------+----------+-----
Short Blades   | 1 |  1.1
Long Blades    | 1 |  1.1
Axes           | 1 |  1.1
Polearms       | 1 |  1.1
Staves         | 1 |  1.1
Stealth        | 1 |  1.1
Shields        | 1 |  1.1
Unarmed Combat | 1 |  1.1
Spellcasting   | 1 |  1.1
Invocations    | 1 |  1.2
Evocations     | 1 |  1.1
Fighting       | |  4.6
Maces & Flails | |  2.7
Ranged Weapons | |  6.6
Throwing       | |  2.7
Armour         | |  4.6
Dodging        | |  2.7
Conjurations   | |  0.8
Hexes          | |  0.8
Summonings     | |  0.8
Necromancy     | |  0.8
Translocations | |  0.8
Transmutations | |  0.8
Fire Magic     | |  0.8
Ice Magic      | |  0.8
Air Magic      | |  0.8
Earth Magic    | |  0.8
Poison Magic   | |  0.8

Action                     |  1- 3 |  4- 6 || total
---------------------------+-------+-------++-------
   Fire: Sling             |    49 |    27 ||    76
 Armour: Ring mail         |     5 |     1 ||     6
  Dodge: Dodged            |     8 |     9 ||    17
